 Dungeon Sprint DCSS version 0.24.0 (webtiles) character file.

Game seed: 12269577758533502331, levelgen mode: deterministic

233 TheOrbIsALie the Zephyrmancer (level 6, -1/33 HPs)
             Began as a Tengu Air Elementalist on May 8, 2020.
             Was an Initiate of Sif Muna.
             Killed from afar by a deep elf knight (16 damage)
             ... with a stone arrow
             ... in the Dungeon (Sprint V: "Ziggurat Sprint").
             The game lasted 00:03:11 (159 turns).

TheOrbIsALie the Zephyrmancer (TeAE)                 Turns: 159, Time: 00:03:11

Health: -1/33      AC:  6    Str:  9    XL:     6   Next: 4%
Magic:  21/21      EV: 14    Int: 23    God:    Sif Muna [......]
Gold:   0          SH:  0    Dex: 14    Spells: 9/15 levels left

rFire    . . .     SeeInvis .   H - +6 Majin-Bo {vamp, Archmagi MP+6 Int+6}
rCold    + . .     Gourm    .   (shield currently unavailable)
rNeg     . . .     Faith    .   K - +3 leather armour {rC+}
rPois    .         Spirit   .   (helmet restricted)
rElec    .         Reflect  .   (no cloak)
rCorr    .         Harm     .   (no gloves)
MR       .....     NoTele   +   (boots unavailable)
Stlth    ++........             (no amulet)
HPRegen  0.11/turn              (no ring)
MPRegen  0.17/turn              (no ring)

@: no status effects
A: beak, talons 3, able to fly
a: Fly, Renounce Religion


You were in the Dungeon.
You worshipped Sif Muna.
Sif Muna was noncommittal.
You were not hungry.

You visited 1 branch

Inventory:

Hand Weapons
 H - the +6 Majin-Bo (weapon) {vamp, Archmagi MP+6 Int+6}
   (You found it in the Dungeon)

   It inflicts no extra harm, but heals its wielder when it wounds a living foe.
   It affects your intelligence (+6).
   It affects your magic capacity (+6).
Armour
 a - a +0 robe
 I - the +18 shield of the Gong {rElec rN+ MR+ EV-5}
   (You found it in the Dungeon)

   It affects your evasion (-5).
   It insulates you from electricity.
   It protects you from negative energy.
   It affects your resistance to hostile enchantments.
 J - +5 fire dragon scales
 K - a +3 leather armour of cold resistance (worn)
 L - a +3 ring mail of fire resistance
Magical Staves
 E - an uncursed staff of energy
Jewellery
 u - an uncursed ring of flight
 v - a +6 ring of dexterity
 w - a +6 ring of dexterity
 x - a +6 ring of intelligence
 y - a +6 ring of intelligence
 z - a +6 ring of strength
 A - a +6 ring of strength
Wands
 B - a wand of disintegration (7)
 C - a wand of iceblast (7)
 D - a wand of acid (4)
Scrolls
 i - 4 scrolls of blinking
 o - 4 scrolls of amnesia
 p - 7 scrolls of fog
 q - a scroll of holy word
 r - 5 scrolls of identify
 s - 5 scrolls of remove curse
 t - 2 scrolls of fear
Potions
 b - 2 potions of brilliance
 d - 9 potions of curing
 e - 2 potions of heal wounds
 f - 6 potions of haste
 g - 7 potions of magic
 h - 3 potions of berserk rage
 j - 2 potions of invisibility
 k - 4 potions of resistance
 l - a potion of experience
 m - 5 potions of agility
 n - 5 potions of might
Miscellaneous
 F - a crystal ball of energy
 G - a lightning rod (4/4)
Comestibles
 c - 7 rations


   Skills:
 - Level 0.4 Fighting
 - Level 2.3 Staves
 + Level 5.1 Dodging
 - Level 4.2 Stealth
 + Level 5.3 Spellcasting
 + Level 2.6 Conjurations
 + Level 11.5 Air Magic


You had 9 spell levels left.
You knew the following spells:

 Your Spells              Type           Power        Failure   Level  Hunger
a - Shock                 Conj/Air       ####         1%          1    None
b - Lightning Bolt        Conj/Air       ######....   19%         5    #####..

Your spell library contained the following spells:

 Spells                   Type           Power        Failure   Level  Hunger
 Swiftness                Chrm/Air       #####...     1%          2    None
 Static Discharge         Conj/Air       ######..     1%          3    ##.....
 Airstrike                Air            ######....   1%          4    ####...


Dungeon Overview and Level Annotations

Branches:
Dungeon (1/1)

Altars:
Ashenzari
Cheibriados
Dithmenos
Elyvilon
Fedhas
Gozag
Hepliaklqana
Kikubaaqudgha
Makhleb
Nemelex Xobeh
Okawaru
Qazlal
Ru
Sif Muna
Trog
Uskayaw
Vehumet
Wu Jian
Xom
Yredelemnul
Zin
The Shining One
Beogh
Jiyva
Lugonu

Annotations:
D 1 transporter


Innate Abilities, Weirdness & Mutations

You have a beak for a mouth.
You have claws for feet.
You can fly continuously.


Message History

The deep elf knight is splashed with acid.
The acid corrodes the deep elf knight!
The deep elf knight is moderately wounded.
The deep elf knight hits you with a +0 long sword!
* * * LOW HITPOINT WARNING * * *
The deep elf knight hits you with a +0 long sword.
* * * LOW HITPOINT WARNING * * *
Unknown command.
Unknown command.
You feel much better.
The deep elf knight casts a spell at you.
The stone arrow misses you.
The deep elf knight hits you with a +0 long sword!!
Ouch! That really hurt!
* * * LOW HITPOINT WARNING * * *
You feel much better.
The deep elf knight hits you with a +0 long sword!
The deep elf knight casts a spell at you.
The stone arrow hits you!
You die...

▓▓▓▓▓▓▓▓▓▓▓▓▓
▓.8©8.▓.8©8.▓
▓.::).▓.....▓
▓.....▓.....▓
▓..e..▓.....▓
▓.....▓.....▓
▓.ee..▓..©..▓
▓..@..▓▓▓▓▓▓▓
▓▓▓▓▓▓▓


You could see a deep elf archer and 2 deep elf knights.

Vanquished Creatures
  A golden eye (D)
  A floating eye (D)
2 creatures vanquished.

Vanquished Creatures (others)
  A spatial maelstrom (D)
1 creature vanquished.

Grand Total: 3 creatures vanquished

Notes
Turn   | Place    | Note
-------+----------+-------------------------------------------
     0 | D        | TheOrbIsALie the Tengu Air Elementalist began the quest for
                  | the Orb.
     0 | D        | Reached XP level 1. HP: 10/10 MP: 4/4
     0 | D        | Found a blossoming altar of Fedhas.
     1 | D        | Found the +6 Majin-Bo {vamp, Archmagi MP+6 Int+6}
     1 | D        | Found the +7 great mace "Firestarter" {inner flame, rF++}
     1 | D        | Found a shimmering blue altar of Sif Muna.
     1 | D        | Found a sacrificial altar of Ru.
     1 | D        | Found a bloodstained altar of Trog.
     1 | D        | Found a stormy altar of Qazlal.
     1 | D        | Found an iron altar of Okawaru.
     1 | D        | Found a sparkling altar of Nemelex Xobeh.
     3 | D        | Found a transporter.
     3 | D        | Found an ancient bone altar of Kikubaaqudgha.
     3 | D        | Found a viscous altar of Jiyva.
     3 | D        | Found a corrupted altar of Lugonu.
     3 | D        | Found a hazy altar of Hepliaklqana.
     3 | D        | Found a burning altar of Makhleb.
     3 | D        | Found an opulent altar of Gozag.
    18 | D        | Banished a spatial maelstrom
    23 | D        | Found the +9 heavy crossbow "Sniper" {velocity, Acc+∞ SInv}
    23 | D        | Found the +10 dark maul {crush}
    23 | D        | Found the +15 Maxwell's patent armour {-Cast -Tele rElec
                  | MR+ rCorr}
    23 | D        | Found the +18 shield of the Gong {rElec rN+ MR+ EV-5}
    23 | D        | Found the cursed +14 obsidian axe {chop, +Fly SInv *Curse}
    25 | D        | Found the +6 shillelagh "Devastator" {shatter}
    25 | D        | Found the +11 plutonium sword {*Contam Stlth-}
    25 | D        | Found the +8 lance "Wyrmbane" {slay drac, rPois rF+ rC+
                  | AC+3}
    25 | D        | Found the +9 sword of Zonguldrok {reap}
    25 | D        | Found the cursed +13 scythe of Curses {drain, *Curse}
    25 | D        | Found the +0 sword of Power
    25 | D        | Found the +7 mace of Variability {chain chaos}
    25 | D        | Found the +7 Singing Sword {slice, sonic wave}
    25 | D        | Found the +8 storm bow {elec, penet}
    56 | D        | Became a worshipper of Sif Muna the Loreminder
    66 | D        | Entered arena 2.
    66 | D        | Noticed a floating eye
    66 | D        | Noticed a golden eye
    66 | D        | Found a transporter.
    72 | D        | Paralysed by a floating eye for 2 turns
    74 | D        | Killed a floating eye
    74 | D        | Reached skill level 1 in Staves
    74 | D        | Reached skill level 9 in Air Magic
    74 | D        | Reached XP level 2. HP: 16/16 MP: 7/8
    74 | D        | Reached XP level 3. HP: 20/20 MP: 7/9
    74 | D        | Reached XP level 4. HP: 24/24 MP: 7/11
    87 | D        | Killed a golden eye
    87 | D        | Reached skill level 5 in Dodging
    87 | D        | Reached skill level 5 in Spellcasting
    87 | D        | Reached skill level 11 in Air Magic
    87 | D        | Gained mutation: You can fly continuously. [Tengu growth]
    87 | D        | Reached XP level 5. HP: 28/28 MP: 9/13
    87 | D        | Reached XP level 6. HP: 33/33 MP: 9/15
   144 | D        | Learned a level 5 spell: Lightning Bolt
   147 | D        | Entered arena 3.
   147 | D        | Noticed a deep elf knight
   147 | D        | Noticed a deep elf knight
   147 | D        | Noticed a deep elf archer
   147 | D        | Found a transporter.
   158 | D        | HP: 1/33 [deep elf knight/+0 long sword (19)]
   159 | D        | Killed from afar by a deep elf knight

Levels and vault maps discovered:
D:        sprint_v [room_start, room_1, room_2, room_3, room_4, room_5, room_6,
          room_7, room_8, room_9, room_10, room_11, room_12, room_13, room_14,
          room_15, room_16, room_17, room_18, room_19, room_20, room_21,
          room_22, room_23, room_24, room_25, room_26, room_27]
